 Dungeon Crawl Stone Soup version 0.31-a0-1-g4198be8af4 (webtiles) character file.

Game seed: 14269354554321193817

8892 Jeffwins the Purveyor of Pain (level 11, 0/67 HPs)
             Began as an Octopode Necromancer on May 2, 2023.
             Was an Initiate of Kikubaaqudgha.
             Slain by an unseen horror (8 damage)
             ... on level 10 of the Dungeon.
             The game lasted 00:22:09 (9203 turns).

Jeffwins the Purveyor of Pain (OpNe)                Turns: 9203, Time: 00:22:09

Health: 0/67       AC:  1    Str: 12      XL:     11   Next: 38%
Magic:  0/28       EV: 19    Int: 24 (25) God:    Kikubaaqudgha [......]
Gold:   1407       SH:  0    Dex: 15      Spells: 4/20 levels left

rFire   . . .        n - +6 whip "Weeth" {flame, rC+ rN+++ Str+2 Int+3}
rCold   + . .        (no shield)
rNeg    + + +        (helmet restricted)
rPois   .            G - amulet of guardian spirit
rElec   .            E - +5 ring of evasion
rCorr   +            x - ring "Omueh" {rCorr Str+3 Dex+2}
SInv    .            W - ring of magical power
Will    .....        (no ring)
Stlth   ++++         (no ring)
HPRegen 0.31/turn    (no ring)
MPRegen 0.21/turn    (no ring)
                     (no ring)

%: guardian spirit
@: no status effects
A: almost no armour, amphibious, 8 rings, camouflage 1, gelatinous body 1,
(nimble swimmer 1), tentacles
a: Renounce Religion


You were on level 10 of the Dungeon.
You worshipped Kikubaaqudgha.
Kikubaaqudgha was noncommittal.
You visited 2 branches of the dungeon, and saw 11 of its levels.
You also visited: Bailey.

You collected 1737 gold pieces.
You spent 330 gold pieces at shops.


Innate Abilities, Weirdness & Mutations

You cannot wear most types of armour.
You are amphibious.
You can wear up to eight rings at the same time.
Your skin changes colour to match your surroundings (Stealth+).
Your rubbery body absorbs attacks. (AC +1, EV +1)
((You are camouflaged when in or above water. (Stealth+)))
You have tentacles for arms and can constrict up to eight enemies at once.


   Skills:
 + Level 3.4 Fighting
 * Level 4.9 Maces & Flails
 + Level 1.8 Throwing
 + Level 4.2 Dodging
 + Level 6.1 Stealth
 * Level 5.4 Spellcasting
 * Level 5.3 Hexes
 * Level 9.7 Summonings
 * Level 10.6 Necromancy
 * Level 1.3 Translocations
 + Level 2.9 Evocations


You had 4 spell levels left.
You knew the following spells:

 Your Spells              Type           Power      Damage    Failure   Level
f - Summon Forest         Summ/Tloc      16%        N/A       24%         5
h - Haunt                 Necr/Summ      26%        N/A       71%         7
x - Vampiric Draining     Necr           55%        2d9       1%          3
z - Necrotise             Necr           100%       1d9       1%          1

Your spell library contained the following spells:

 Spells                   Type           Power      Damage    Failure   Level
 Animate Dead             Necr           55%        N/A       1%          4
 Sandblast                Erth           12%        2d6       9%          1
 Passwall                 Tmut/Erth      5%         N/A       13%         2
 Scorch                   Fire           12%        2d5       13%         2
 Hailstorm                Conj/Ice       6%         3d4       26%         3
 Stone Arrow              Conj/Erth      12%        3d7       26%         3
 Flame Wave               Conj/Fire      6%         2d5       63%         4
 Agony                    Necr           55%        N/A       3%          5
 Death Channel            Necr           27%        N/A       16%         6
 Summon Cactus Giant      Summ           26%        N/A       24%         6
 Borgnjor's Vile Clutch   Necr/Erth      16%        N/A       26%         5
 Summon Hydra             Summ           26%        N/A       78%         7
 Eringya's Noxious Bog    Tmut/Pois      3%         N/A       100%        6
 Lehudib's Crystal Spear  Conj/Erth      3%         10d2      100%        8

Inventory:

Hand Weapons
 g - a +0 halberd of flaming
 h - a +0 spear
 i - a +3 dagger of venom
 n - the +6 whip "Weeth" (weapon) {flame, rC+ rN+++ Str+2 Int+3}
   (You found it on level 2 of the Dungeon)

   Str:       It affects your strength (+2).
   Int:       It affects your intelligence (+3).
   rC:        It protects you from cold.
   rN:        It renders you almost immune to negative energy.
 I - a +4 executioner's axe of flaming
 J - a +1 heavy triple sword
Missiles
 s - 19 poisoned darts (quivered)
 C - 2 throwing nets {=f}
 K - 8 curare-tipped darts {=f}
Armour
 D - a +0 kite shield
Jewellery
 x - the ring "Omueh" (right tentacle) {rCorr Str+3 Dex+2}
   (You found it on level 3 of the Dungeon)

   [ring of resist corrosion]

   Str:       It affects your strength (+3).
   Dex:       It affects your dexterity (+2).
   rCorr:     It protects you from acid and corrosion.
 E - a +5 ring of evasion (left tentacle)
 F - a ring of fire
 G - an amulet of guardian spirit (around mantle)
 W - a ring of magical power (on tentacle)
Wands
 B - a wand of roots (6)
 M - a wand of digging (6)
Scrolls
 j - a scroll of silence {!r}
 k - a scroll of enchant armour {unknown}
 l - 2 scrolls of enchant weapon {unknown}
 m - 7 scrolls of teleportation {@r4}
 o - a scroll of fear
 p - a scroll of amnesia
 r - a scroll of immolation {!r}
 t - a scroll of brand weapon
 v - a scroll of fog
 w - a scroll of poison {unknown}
 y - 2 scrolls of noise {unknown}
 L - 2 scrolls of magic mapping
Potions
 a - a potion of magic
 b - 9 potions of curing {@q1}
 c - a potion of lignification {unknown}
 d - 2 potions of brilliance
 e - 7 potions of flight {unknown}
 f - 7 potions of heal wounds {@q2}
 q - 5 potions of invisibility {unknown}
 u - 2 potions of attraction {!q}
 z - 2 potions of haste {@q3}
 A - a potion of might
 H - 2 potions of mutation {unknown}

Dungeon Overview and Level Annotations

Branches:
Dungeon (10/15)            Temple (1/1) D:7            Lair (0/5) D:9
 Bailey (visited)
    Orc: D:9-12

Altars:
Ashenzari
Cheibriados
Dithmenos
Elyvilon
Fedhas
Gozag
Hepliaklqana
Kikubaaqudgha
Makhleb
Nemelex Xobeh
Okawaru
Qazlal
Ru
Sif Muna
Trog
Uskayaw
Vehumet
Wu Jian
Xom
Yredelemnul
Zin
The Shining One

Shops:
D:5

! ##......##
#....##....##......##
#.......###....##.....#......##
#....#.........................
##....##..##.....>..##.........#
#.....#.........##.####.........
###...#.............#...........
#...........................#.
#...........##..........#.....
##..........{@..........##....
##.#.......##..........#.....
###...#....##......#........
##.####...#.......##.##... ###
##.............#..[.
##.#.##............
#####.....####.#.# #.......#
#.### ##.#...## ###


There were no monsters in sight!


Message History

You start resting.
There is a strange disturbance nearby!
Something hits you! Something hits you.
Casting: Vampiric Draining (safe; 1% risk of failure)
Confirm with . or Enter, or press ? or * to list all spells.
Aiming: Vampiric Draining (safe; 1% risk of failure)
Press: ? - help, Shift-Dir - straight line You draw life force from something!
You feel life coursing into your body. Something barely misses you.
Unknown command.
Something hits you. Something hits you! Something hits you!
* * * LOW HITPOINT WARNING * * *
Something barely misses you.
You swing at nothing.
Aiming: Fastroot
Press: ? - help, Shift-Dir - straight line The roots erupt in riotous growth!
Something hits you!
* * * LOW HITPOINT WARNING * * *
Something hits you.
* * * LOW HITPOINT WARNING * * *
Unknown command.
You completely miss something. Something hits you.
* * * LOW HITPOINT WARNING * * *
You miss something. You squeeze something. Something hits you!
* * * LOW HITPOINT WARNING * * *
Something hits you!
You die...
Kikubaaqudgha rasps: "You have failed me!
Welcome... death!"

Skill      XL: |  1  2  3  4  5  6  7  8  9 10 11 |
---------------+----------------------------------+-----
Stealth        | 3 4 5 6 |  6.1
Summonings     | 1 2 3 4 9 |  9.7
Hexes          | 1 2 3 4 5 |  5.3
Fighting       | 1 2 3 |  3.4
Maces & Flails | 1 2 3 4 |  4.9
Spellcasting   | 3 4 5 |  5.4
Necromancy     | 5 6 10 | 10.6
Dodging        | 3 4 |  4.2
Evocations     | 1 2 |  2.9
Throwing       | 1 |  1.8
Translocations | 1 |  1.3

Action                     |  1- 3 |  4- 6 |  7- 9 | 10-12 || total
---------------------------+-------+-------+-------+-------++-------
  Melee: Unarmed           |    64 |       |       |       ||    64
         Constrict         |    26 |    19 |    31 |    52 ||   128
         Tentacles         |    21 |    14 |    33 |    55 ||   123
         Punch             |     2 |     1 |     1 |     3 ||     7
         Spear             |    15 |       |       |       ||    15
         Dagger            |     7 |     3 |       |       ||    10
         Whip              |       |    95 |   130 |   257 ||   482
  Throw: Dart              |       |       |     6 |     4 ||    10
   Cast: Necrotise         |     2 |       |       |       ||     2
         Vampiric Draining |       |       |     8 |    29 ||    37
  Evoke: Wand              |       |       |     4 |     4 ||     8
    Use: Scroll            |       |       |     4 |     6 ||    10
         Potion            |       |       |     1 |       ||     1
   Stab: Sleeping          |    13 |    15 |     8 |    10 ||    46
         Distracted        |       |       |       |     1 ||     1
 Armour: Skin              |     9 |     3 |     1 |     5 ||    18
  Dodge: Dodged            |    55 |    57 |   110 |   224 ||   446

Levels and vault maps discovered:
D:1:      psy_arrival_basics, layout_basic, serial_forest,
          infiniplex_forest_end_1, infiniplex_forest_clump_small,
          infiniplex_forest_straight_5, infiniplex_forest_lined_room_2,
          infiniplex_forest_lined_ring, infiniplex_forest_straight_3,
          infiniplex_forest_clump_cross, st_stairs_6, minmay_heptomino_d4
D:2:      layout_rooms, kennysheep_generic_room_4, uniq_jessica
D:3:      layout_rooms, amcnicky_altar_gilded,
          mainiacjoe_overflow_catwalk_spiral
D:4:      layout_cave_pods, grunt_decor_one_mirror
D:5:      layout_loops_cross, general_overflow_altar, serial_shops, shop,
          chequers_serial_rivers_small_a
D:6:      layout_basic, mainiacjoe_overflow_cross_hatched,
          yredelemnul_altar_generic
D:7:      layout_rooms, nicolae_hepliaklqana_hippocampus,
          chequers_temple_overflow_statue_of_worship,
          minmay_temple_entry_statues, enter_bailey_2,
          minmay_misc_feat_diagonals, roderic_batcave
D:8:      layout_loops_ring, nicolae_wu_jian_wuxing_cycle
D:9:      layout_roguey, mainiacjoe_overflow_boulevard,
          grunt_temple_overflow_diamond, due_lair_maze_entry_diamond,
          lightli_corner_chamber
D:10:     layout_cave_pools, grunt_temple_overflow_growth_and_decay,
          nicolae_titane
Temple:   hellmonk_temple_flake

Notes
Turn   | Place    | Note
-------+----------+-------------------------------------------
     0 | D:1      | Jeffwins the Octopode Necromancer began the quest for the
                  | Orb.
     0 | D:1      | Reached XP level 1. HP: 11/11 MP: 3/3
   211 | D:1      | HP: 1/11 [endoplasm (2)]
   285 | D:1      | Reached XP level 2. HP: 15/17 MP: 5/5
   290 | D:1      | Reached skill level 3 in Stealth
   528 | D:1      | Reached XP level 3. HP: 18/21 MP: 6/6
   960 | D:2      | Reached skill level 1 in Summonings
  1154 | D:2      | Noticed Jessica
  1160 | D:2      | Killed Jessica
  1161 | D:2      | Reached skill level 1 in Hexes
  1161 | D:2      | Reached XP level 4. HP: 25/27 MP: 7/7
  1166 | D:2      | Identified the +6 whip "Weeth" {flame, rC+ rN+++ Str+2
                  | Int+3}
  1579 | D:3      | Found a stormy altar of Qazlal.
  1630 | D:3      | Reached XP level 5. HP: 29/32 MP: 7/9
  1721 | D:3      | Got the Opusculum on Coruscating Abhorrent Words
  1769 | D:3      | Found a glowing golden altar of the Shining One.
  1783 | D:3      | Found a radiant altar of Vehumet.
  1938 | D:3      | Identified the ring "Omueh" {rCorr Str+3 Dex+2}
  2066 | D:4      | Noticed a phantom
  2077 | D:4      | Killed a phantom
  2078 | D:4      | Reached skill level 1 in Fighting
  2078 | D:4      | Reached skill level 1 in Maces & Flails
  2078 | D:4      | Reached skill level 2 in Summonings
  2082 | D:4      | Learned a level 3 spell: Vampiric Draining
  2088 | D:4      | Learned a level 5 spell: Summon Forest
  2188 | D:4      | Reached skill level 3 in Spellcasting
  2188 | D:4      | Reached XP level 6. HP: 23/38 MP: 6/10
  2191 | D:4      | Reached skill level 2 in Hexes
  2972 | D:5      | Entered Level 5 of the Dungeon
  3210 | D:5      | Found a sacrificial altar of Ru.
  3341 | D:5      | Found Apnof Wumit's Distillery.
  3350 | D:5      | Bought a potion of might for 44 gold pieces
  3350 | D:5      | Bought a potion of heal wounds for 55 gold pieces
  3350 | D:5      | Bought a potion of degeneration for 11 gold pieces
  3350 | D:5      | Bought a potion of attraction for 33 gold pieces
  3350 | D:5      | Bought a potion of curing for 33 gold pieces
  3350 | D:5      | Bought a potion of brilliance for 44 gold pieces
  3350 | D:5      | Bought a potion of haste for 110 gold pieces
  3502 | D:5      | Noticed a black bear
  3513 | D:5      | Reached skill level 5 in Necromancy
  3513 | D:5      | Reached XP level 7. HP: 43/43 MP: 10/12
  3520 | D:5      | Reached skill level 2 in Maces & Flails
  3520 | D:5      | Reached skill level 4 in Stealth
  3781 | D:6      | Found a burning altar of Makhleb.
  3830 | D:6      | Reached skill level 3 in Dodging
  3890 | D:6      | Reached skill level 3 in Summonings
  3957 | D:6      | Found a basalt altar of Yredelemnul.
  3992 | D:6      | Reached skill level 3 in Hexes
  3994 | D:6      | Reached skill level 2 in Fighting
  3994 | D:6      | Reached XP level 8. HP: 34/50 MP: 1/13
  4335 | D:6      | Reached skill level 4 in Spellcasting
  4547 | D:7      | Reached skill level 3 in Maces & Flails
  4547 | D:7      | Reached skill level 1 in Evocations
  4555 | D:7      | Found a flagged portal.
  4585 | Bailey   | Entered a bailey
  4965 | Bailey   | Reached skill level 5 in Stealth
  4965 | Bailey   | Reached skill level 4 in Hexes
  4965 | Bailey   | Reached skill level 4 in Summonings
  5003 | Bailey   | Identified a +0 crystal plate armour
  5014 | Bailey   | Reached skill level 6 in Necromancy
  5014 | Bailey   | Reached XP level 9. HP: 48/55 MP: 4/15
  5113 | Bailey   | Noticed an orc knight
  5211 | Bailey   | Killed an orc knight
  5212 | Bailey   | Reached skill level 4 in Maces & Flails
  5212 | Bailey   | Reached skill level 2 in Evocations
  5275 | D:7      | Reached skill level 9 in Summonings
  5275 | D:7      | Reached skill level 10 in Necromancy
  5275 | D:7      | Reached XP level 10. HP: 62/62 MP: 17/17
  5290 | D:7      | Learned a level 7 spell: Haunt
  5368 | D:7      | Found a snail-covered altar of Cheibriados.
  5368 | D:7      | Found an iron altar of Okawaru.
  5536 | D:7      | Found a staircase to the Ecumenical Temple.
  5759 | D:7      | Found a hazy altar of Hepliaklqana.
  5842 | Temple   | Entered the Ecumenical Temple
  6036 | D:8      | Found an ornate altar of the Wu Jian Council.
  6593 | D:8      | Reached skill level 3 in Fighting
  6593 | D:8      | Reached skill level 5 in Spellcasting
  6604 | D:7      | Reached skill level 4 in Dodging
  6972 | D:8      | Reached XP level 11. HP: 21/67 MP: 1/18
  7306 | D:9      | Found a shimmering blue altar of Sif Muna.
  7368 | D:9      | Found a staircase to the Lair.
  7378 | D:9      | Reached skill level 1 in Throwing
  7574 | D:9      | Identified a scroll of acquirement
  7575 | D:9      | Acquired 1100 gold pieces
  7695 | D:9      | Reached skill level 5 in Hexes
  7888 | D:9      | Noticed a sixfirhy
  7973 | D:9      | Reached skill level 6 in Stealth
  8083 | D:9      | Reached skill level 1 in Translocations
  8336 | D:9      | Found a shadowy altar of Dithmenos.
  8339 | D:9      | Found a shimmering altar of Xom.
  8343 | D:9      | Found a white marble altar of Elyvilon.
  8704 | D:10     | Entered Level 10 of the Dungeon
  8747 | D:10     | Found an ancient bone altar of Kikubaaqudgha.
  8748 | D:10     | Found a blossoming altar of Fedhas.
  8794 | D:10     | Became a worshipper of Kikubaaqudgha
  9203 | D:10     | Slain by an unseen horror

Vanquished Creatures
  An orc knight (Bailey)
  2 kobold demonologists (D:9)
  2 trolls (D:9)
  A wyvern (D:9)
  5 yaks
  2 water moccasins (D:9)
  A black bear (D:5)
  8 orc warriors
  An ice beast (D:7)
  4 centaurs
  2 phantoms
  2 kobold brigands (D:8)
  6 bullfrogs
  2 scorpions
  17 wights
  4 killer bees (D:8)
  A vampire bat (D:7)
  A howler monkey (D:7)
  A gnoll bouda (D:9)
  2 hounds
  4 jellies
  8 orc priests
  2 sleepcaps
  Jessica (D:2)
  7 orc wizards
  7 gnolls
  5 adders
  A shadow imp (D:6)
  2 white imps
  2 worms
  2 dart slugs
  46 orcs
  10 ball pythons
  14 bats
  9 endoplasms
  3 giant cockroaches
  11 goblins
  6 hobgoblins
  3 quokkas
  3 frilled lizards
  16 kobolds
  5 rats
232 creatures vanquished.

Vanquished Creatures (collateral kills)
  An ice beast (D:6)
  An orc wizard (D:6)
  An orc (D:6)
3 creatures vanquished.

Vanquished Creatures (others)
  An orc wizard (D:7)
  34 fungi (D:9)
  21 plants (D:9)
  A withered plant (D:6)
57 creatures vanquished.

Grand Total: 292 creatures vanquished

Table legend: (Time is in decaauts)
 A = Elapsed time spent in this place.
 B = Non-inter-level travel time spent in this place.
 C = Inter-level travel time spent in this place.
 D = Time resting spent in this place.
 E = Time spent auto-exploring this place.
 F = Levels seen in this place.
 G = Mean time per level.
                   A        B        C        D        E       F      G
               +--------+--------+--------+--------+--------+-----+--------+
         Total |   9165 |   8805 |    360 |   1261 |   5741 |  12 |  763.8 |
       Dungeon |   8331 |   7980 |    351 |   1013 |   5430 |  10 |  833.1 |
        Temple |    149 |    140 |      9 |      0 |    133 |   1 |  149.0 |
        Bailey |    684 |    684 |      0 |    248 |    178 |   1 |  684.0 |
               +--------+--------+--------+--------+--------+-----+--------+

Top non-repeatable levels by time:
     D:8: 1513 daAuts
     D:9: 1140 daAuts
     D:1: 927 daAuts
     D:4: 913 daAuts
     D:6: 870 daAuts
     D:7: 735 daAuts
     D:5: 696 daAuts
  Bailey: 684 daAuts
     D:2: 584 daAuts
     D:3: 549 daAuts
    D:10: 399 daAuts
  Temple: 149 daAuts

Table legend:
 A = Non-vault XP
 B = Vault XP
 C = Vault XP percentage of total XP
 D = Non-vault monster count
 E = Vault monster count
 F = Vault count percentage of total count
                 A         B        C        D         E       F
            +---------+---------+-------+---------+---------+-------
      Total |    7151 |    2351 |  24.7 |     189 |      46 |  19.6
            +---------+---------+-------+---------+---------+-------
        D:1 |      35 |      10 |  22.2 |      20 |       5 |  20.0
        D:2 |      23 |      38 |  62.3 |      12 |       2 |  14.3
        D:3 |      77 |       0 |   0.0 |      13 |       0 |   0.0
        D:4 |     253 |       0 |   0.0 |      27 |       0 |   0.0
        D:5 |     332 |       0 |   0.0 |       9 |       0 |   0.0
        D:6 |     763 |       0 |   0.0 |      23 |       0 |   0.0
        D:7 |     751 |      70 |   8.5 |      13 |       9 |  40.9
        D:8 |    2276 |       0 |   0.0 |      38 |       0 |   0.0
        D:9 |    2281 |     827 |  26.6 |      29 |       8 |  21.6
       D:10 |     360 |       0 |   0.0 |       5 |       0 |   0.0
     Bailey |       0 |    1406 | 100.0 |       0 |      22 | 100.0
            +---------+---------+-------+---------+---------+-------
